 Dungeon Crawl Stone Soup version 0.31-a0-236-g9a0961fb85 (webtiles) character file.

Game seed: 7997131102138850207

32235 lunkers the Spear-Bearer (level 14, -7/189 HPs)
             Began as a Meteoran Wanderer on July 6, 2023.
             Was the Champion of Okawaru.
             Killed from afar by a molten gargoyle (32 damage)
             ... with a bolt of magma
             ... on level 5 of the Lair of Beasts on July 10, 2023.
             The game lasted 00:27:33 (6588 turns).

lunkers the Spear-Bearer (Meteoran Wanderer)        Turns: 6588, Time: 00:27:33

Health: -7/189     AC: 19    Str: 26    XL:     14   Next: 33%
Magic:  21/21      EV: 28    Int: 10    God:    Okawaru [******]
Gold:   687        SH:  8    Dex: 18    Spells: 15/15 levels left

rFire   . . .        a - +2 trident (vamp)
rCold   . . .        x - +1 buckler {AC+3}
rNeg    . . .        L - +0 troll leather armour
rPois   +            i - +2 helmet
rElec   .            I - +0 cloak
rCorr   .            k - +1 pair of gloves of the Trombone {Str+7}
SInv    .            p - +0 pair of boots
Will    +....        n - amulet of magic regeneration Stlth
                     y - ring of poison resistance
HPRegen 1.31/turn    J - +5 ring of evasion
MPRegen 0.57/turn

%: no passive effects
@: berserking, heroic, marked, glowing, very quick
A: sense surroundings 2, otherworldly, glowing, explore regen
a: Renounce Religion, Heroism, Finesse, Duel


You were on level 5 of the Lair of Beasts.
You worshipped Okawaru.
Okawaru was exalted by your worship.
You visited 3 branches of the dungeon, and saw 17 of its levels.

You collected 687 gold pieces.

Inventory:

Hand Weapons
 a - a +2 vampiric trident (weapon)
 b - a +2 heavy trident
 F - a +1 spear
 K - a +0 trident
 P - a +2 spear of venom
Missiles
 c - 16 poisoned darts
 G - 2 throwing nets
 H - 4 boomerangs
 O - 4 curare-tipped darts
Armour
 i - a +2 helmet (worn)
 k - the +1 pair of gloves of the Trombone (worn) {Str+7}
   (You found it on level 2 of the Dungeon)

   Str:       It affects your strength (+7).
 p - a +0 pair of boots (worn)
 x - a +1 buckler of protection (worn)
 E - +0 steam dragon scales
 I - a +0 cloak (worn)
 L - a +0 troll leather armour (worn)
 Q - the +0 buckler of the Fiend {rPois rN+}
   (Okawaru gifted it to you on level 4 of the Lair of Beasts)

   rPois:     It protects you from poison.
   rN:        It protects you from negative energy.
 S - the +2 robe "Adgha" {Will+}
   (Okawaru gifted it to you on level 5 of the Lair of Beasts)

   Will:      It increases your willpower.
Jewellery
 n - an amulet of magic regeneration (around neck)
 o - a ring of ice
 t - a ring of resist corrosion
 w - a ring of positive energy
 y - a ring of poison resistance (left hand)
 J - a +5 ring of evasion (right hand)
Wands
 e - a wand of flame (24)
 q - a wand of digging (5)
 u - a wand of mindburst (9)
 A - a wand of polymorph (16)
 C - a wand of paralysis (26)
Scrolls
 d - a scroll of fear
 f - 7 scrolls of teleportation
 s - 6 scrolls of fog
 M - a scroll of amnesia
 R - a scroll of enchant weapon
Potions
 g - 3 potions of curing
 h - 6 potions of enlightenment
 j - a potion of berserk rage
 l - a potion of mutation
 m - 2 potions of brilliance
 r - a potion of magic
 v - 2 potions of might
 z - 3 potions of heal wounds
 B - a potion of cancellation
 D - a potion of ambrosia {unknown}
 N - a potion of invisibility {unknown}


   Skills:
 * Level 12.1(17.1) Fighting
 - Level 14.0(19.0) Polearms
 + Level 10.7(15.7) Armour
 * Level 13.2(18.2) Dodging
 - Level 3.6(8.6) Shields
 - Level 1.3 Spellcasting
 - Level 8.0 Invocations
 + Level 7.6 Evocations


You had 15 spell levels left.
You didn't know any spells.
Your spell library contained the following spells:

 Spells                   Type           Power      Damage    Failure   Level
 Scorch                   Fire           0%         2d5       52%         2
 Hailstorm                Conj/Ice       0%         3d3       77%         3
 Anguish                  Hex/Necr       0%         N/A       99%         4
 Cause Fear               Hex            0%         N/A       99%         4
 Flame Wave               Conj/Fire      0%         2d4       99%         4
 Ice Form                 Ice/Tmut       0%         N/A       99%         4
 Petrify                  Tmut/Erth      0%         N/A       99%         4
 Metabolic Englaciation   Hex/Ice        0%         N/A       100%        5
 Statue Form              Tmut/Erth      0%         N/A       100%        6
 Enfeeble                 Hex            0%         N/A       100%        7
 Simulacrum               Ice/Necr       Unusable   N/A       N/A         6
 Summon Cactus Giant      Summ           Unusable   N/A       N/A         6

Dungeon Overview and Level Annotations

Branches:
Dungeon (11/15) Zot: 2182  Temple (1/1) D:4 Zot: 512    Lair (5/5) D:11 Zot: 1464
 Shoals (0/4) Lair:3        Slime (0/5) Lair:5          Orc (0/2) D:9
  Snake: Lair:2-3    Spider: Lair:2-3

Altars:
Cheibriados
Dithmenos
Elyvilon
Fedhas
Gozag
Hepliaklqana
Kikubaaqudgha
Makhleb
Nemelex Xobeh
Okawaru
Qazlal
Sif Muna
Trog
Uskayaw
Wu Jian
Xom
Yredelemnul
The Shining One

Shops:
D:7 !   D:11 *


Innate Abilities, Weirdness & Mutations

You passively map the area around you.
You are easily found by Zot.
You glow in the dark.
You regain HP and MP as you explore.


Message History

The fire crab is heavily wounded.
You are engulfed in a cloud of scalding steam.
* * * LOW HITPOINT WARNING * * *
The wyvern barely misses you.
Reach: a) +2 trident (vamp)
Press: ? - help, Dir - move target, f/p - fire crab
Aim: a fire crab (heavily wounded, about 16% to evade your +2 vampiric trident)
The molten gargoyle is in the way.
You hit the molten gargoyle.
The molten gargoyle is moderately damaged.
You are engulfed in a cloud of scalding steam.
The wyvern is engulfed in a cloud of scalding steam.
You block the wyvern's attack.
The molten gargoyle hits you with a +0 morningstar.
* * * LOW HITPOINT WARNING * * *
You are engulfed in flames!
* * * LOW HITPOINT WARNING * * *
Reach: a) +2 trident (vamp)
Press: ? - help, Dir - move target, f/p - fire crab
Aim: a fire crab (heavily wounded, about 16% to evade your +2 vampiric trident)
The molten gargoyle is in the way.
You hit the molten gargoyle but do no damage.
The molten gargoyle is moderately damaged.
You are engulfed in a cloud of scalding steam.
* * * LOW HITPOINT WARNING * * *
Reach: a) +2 trident (vamp)
Press: ? - help, Dir - move target, f/p - fire crab
Aim: a fire crab (heavily wounded, about 16% to evade your +2 vampiric trident)
The molten gargoyle is in the way.
You hit the molten gargoyle but do no damage.
The molten gargoyle is moderately damaged.
You are engulfed in a cloud of scalding steam.
Reach: a) +2 trident (vamp)
Press: ? - help, Dir - move target, f/p - fire crab
Aim: a fire crab (heavily wounded, about 16% to evade your +2 vampiric trident)
You reach to attack!
You hit the fire crab.
The fire crab is heavily wounded.
You are engulfed in a cloud of scalding steam.
The molten gargoyle blasts magma at you!
The bolt of magma hits you!!
You die...

,,~ ..#≈#.......## ###.#..
, , ,
..#§≈.§§.....####.##..# *
,/:#.≈≈≈##......)†##....
,** ~* ,
##.≈≈#.........#...... ~
#####.§≈.........####.....
~ ~* ≈§§≈.§≈#Dl....####
#...... * ≈§≈SS§≈Stll..##
* #...... ~ * ,
≈§###°°#9l8#8# *,,####...
, ,, #°§##@##### #.##...
** , , #○§≈### , ........
.l..○ll9#≈≈# *. .#.#.... *
.....t.##≈§§# #...###.P.
**8 ....... *#§§§#
#..,#..... ,......°*
*§#S#* #.##...P# ~ ,,
....#8#, ≈#≈≈≈* #.....###
~ ...### * ≈# ≈#*
#.#....## * §§# ~
##,##..##.


You could see a fire crab, a komodo dragon, a basilisk, a molten gargoyle, a
steam dragon and 2 wyverns.

Vanquished Creatures
  A hydra (Lair:5)
  2 two-headed ogres
  2 boulder beetles (D:11)
  8 death yaks
  Sonja (Lair:1)
  An ugly thing (D:11)
  A manticore (D:10)
  2 black mambas (Lair:5)
  2 molten gargoyles (Lair:5)
  A torpor snail (Lair:5)
  4 cane toads
  20 elephants
  4 komodo dragons
  A rime drake (Lair:5)
  2 kobold demonologists (D:11)
  A polar bear (Lair:3)
  3 trolls
  7 dream sheep (Lair:5)
  A wraith (D:10)
  A shadow (D:9)
  Sigmund (D:4)
  21 yaks
  2 basilisks
  4 wyverns
  3 steam dragons
  An acid dragon (D:11)
  5 hell hounds (Lair:5)
  4 water moccasins
  3 ice beasts
  4 orc warriors
  3 black bears
  2 ogres (D:7)
  8 wolves (Lair:2)
  2 centaurs
  A phantom (D:4)
  5 kobold brigands
  6 bullfrogs
  2 gnoll sergeants
  3 scorpions
  5 wights (D:5)
  2 howler monkeys (D:9)
  A jelly (D:8)
  A hound (D:4)
  2 sleepcaps (D:7)
  10 orc priests
  2 iguanas
  Ijyb (D:4)
  Natasha (twice) (D:2)
  13 orc wizards
  10 gnolls
  9 adders
  2 shadow imps
  2 white imps (D:7)
  A worm (D:2)
  4 dart slugs
  42 orcs
  4 ball pythons
  2 bats (D:2)
  2 endoplasms
  3 giant cockroaches
  10 goblins
  5 hobgoblins
  4 jackals (D:4)
  22 kobolds
  2 quokkas (D:4)
  2 frilled lizards
  6 rats
316 creatures vanquished.

Notes
Turn   | Place    | Note
-------+----------+-------------------------------------------
     0 | D:1      | lunkers the Meteoran Wanderer began the quest for the Orb.
     0 | D:1      | lunkers set off with the following items: a +0 spear, a +0
                  | buckler of protection, a +0 helmet, a scroll of fear, a +0
                  | leather armour.
     0 | D:1      | Reached XP level 1. HP: 14/14 MP: 3/3
   110 | D:1      | Reached skill level 3 in Polearms
   110 | D:1      | Reached XP level 2. HP: 20/20 MP: 5/5
   307 | D:2      | Reached skill level 4 in Polearms
   307 | D:2      | Reached XP level 3. HP: 25/26 MP: 6/6
   397 | D:2      | Identified the +1 pair of gloves of the Trombone {Str+7}
   405 | D:2      | Noticed Natasha
   420 | D:2      | Killed Natasha
   421 | D:2      | Reached skill level 5 in Polearms
   421 | D:2      | Reached XP level 4. HP: 12/33 MP: 7/7
   473 | D:2      | Noticed Natasha
   483 | D:2      | Killed Natasha
   484 | D:2      | Reached XP level 5. HP: 36/38 MP: 8/8
   492 | D:2      | Found a faded altar of an unknown god.
   575 | D:3      | Reached skill level 6 in Polearms
   613 | D:3      | Noticed a water moccasin
   635 | D:3      | Killed a water moccasin
   636 | D:3      | Reached skill level 7 in Polearms
   636 | D:3      | Reached XP level 6. HP: 25/45 MP: 9/9
   903 | D:4      | Noticed Ijyb
   955 | D:4      | Killed Ijyb
  1005 | D:4      | Reached skill level 8 in Polearms
  1005 | D:4      | Reached XP level 7. HP: 44/50 MP: 10/10
  1314 | D:4      | Reached skill level 9 in Polearms
  1418 | D:4      | Found a staircase to the Ecumenical Temple.
  1439 | Temple   | Entered the Ecumenical Temple
  1518 | Temple   | Became a worshipper of Warmaster Okawaru
  1545 | D:4      | Noticed Sigmund
  1571 | D:4      | Killed Sigmund
  1572 | D:4      | Reached XP level 8. HP: 56/57 MP: 11/11
  1584 | D:5      | Entered Level 5 of the Dungeon
  1653 | D:5      | Reached skill level 10 in Polearms
  1848 | D:5      | Reached * piety under Okawaru
  1883 | D:5      | Reached skill level 11 in Polearms
  1928 | D:5      | Gained mutation: You passively map the area around you.
                  | [Meteoran growth]
  1928 | D:5      | Reached XP level 9. HP: 22/62 MP: 12/12
  1934 | D:5      | HP: 4/93 [gnoll/+1 halberd of freezing (6)]
  2067 | D:5      | Found an opulent altar of Gozag.
  2070 | D:5      | Found a hide-covered altar of Uskayaw.
  2260 | D:6      | Reached skill level 1 in Fighting
  2260 | D:6      | Reached skill level 1 in Armour
  2430 | D:6      | You fall into a shaft and drop 1 floor!
  2434 | D:7      | Found Voarph's Distillery.
  2448 | D:7      | Reached ** piety under Okawaru
  2503 | D:7      | Reached skill level 12 in Polearms
  2679 | D:7      | Found a shadowy altar of Dithmenos.
  3045 | D:7      | Reached *** piety under Okawaru
  3046 | D:7      | Reached skill level 5 in Invocations
  3046 | D:7      | Reached XP level 10. HP: 73/77 MP: 14/14
  3452 | D:8      | Reached **** piety under Okawaru
  3453 | D:8      | Reached skill level 5 in Dodging
  3525 | D:9      | Reached skill level 5 in Armour
  3583 | D:9      | Received a gift from Okawaru
  3603 | D:9      | Noticed a two-headed ogre
  3616 | D:9      | Killed a two-headed ogre
  3616 | D:9      | Received a gift from Okawaru
  3617 | D:9      | Reached skill level 5 in Fighting
  3621 | D:9      | Reached skill level 13 in Polearms
  3675 | D:9      | Found a staircase to the Orcish Mines.
  3745 | D:9      | Reached XP level 11. HP: 72/88 MP: 17/17
  3883 | D:10     | Entered Level 10 of the Dungeon
  3960 | D:10     | Noticed a manticore
  3971 | D:10     | Killed a manticore
  4045 | D:10     | Found an ancient bone altar of Kikubaaqudgha.
  4057 | D:10     | Reached ***** piety under Okawaru
  4288 | D:11     | Received a gift from Okawaru
  4376 | D:11     | Noticed a boulder beetle
  4388 | D:11     | Killed a boulder beetle
  4399 | D:11     | Noticed a rust devil
  4442 | D:11     | Noticed a boulder beetle
  4456 | D:11     | Killed a boulder beetle
  4457 | D:11     | Reached skill level 14 in Polearms
  4457 | D:11     | Reached XP level 12. HP: 70/100 MP: 19/19
  4475 | D:11     | Noticed a two-headed ogre
  4479 | D:11     | Killed a two-headed ogre
  4580 | D:11     | Found a staircase to the Lair.
  4756 | D:11     | Found Lyer's General Store.
  4782 | Lair:1   | Entered Level 1 of the Lair of Beasts
  4816 | Lair:1   | Noticed Sonja
  4833 | Lair:1   | Killed Sonja
  5175 | Lair:4   | Reached ****** piety under Okawaru
  5175 | Lair:4   | Identified the +0 buckler of the Fiend {rPois rN+} (Okawaru
                  | gifted it to you on level 4 of the Lair of Beasts)
  5175 | Lair:4   | Received a gift from Okawaru
  5176 | Lair:4   | Reached skill level 10 in Dodging
  5248 | Lair:4   | Noticed a death yak
  5249 | Lair:4   | Noticed a death yak
  5250 | Lair:4   | Noticed a death yak
  5250 | Lair:4   | Noticed a death yak
  5259 | Lair:4   | Noticed a death yak
  5285 | Lair:4   | Killed a death yak
  5293 | Lair:4   | Upgraded the game from 0.31-a0-229-g1fc7ce93e2 to
                  | 0.31-a0-236-g9a0961fb85
  5306 | Lair:4   | Killed a death yak
  5324 | Lair:4   | Killed a death yak
  5325 | Lair:4   | Reached skill level 5 in Evocations
  5325 | Lair:4   | Reached XP level 13. HP: 111/111 MP: 20/20
  5339 | Lair:4   | Killed a death yak
  5356 | Lair:4   | Killed a death yak
  5383 | Lair:5   | Entered Level 5 of the Lair of Beasts
  5517 | Lair:4   | Reached skill level 10 in Fighting
  5753 | Lair:5   | Reached skill level 10 in Armour
  5790 | Lair:5   | Identified the +2 robe "Adgha" {Will+} (Okawaru gifted it
                  | to you on level 5 of the Lair of Beasts)
  5790 | Lair:5   | Received a gift from Okawaru
  5795 | Lair:5   | Noticed a seven-headed hydra
  5812 | Lair:5   | Killed a seven-headed hydra
  5826 | Lair:5   | Noticed a death yak
  5828 | Lair:5   | Noticed a death yak
  5829 | Lair:5   | Noticed a death yak
  5847 | Lair:5   | Killed a death yak
  5869 | Lair:5   | Killed a death yak
  5891 | Lair:5   | Killed a death yak
  6010 | Lair:5   | Reached XP level 14. HP: 124/124 MP: 21/21
  6303 | Lair:5   | Found a staircase to the Slime Pits.
  6588 | Lair:5   | Killed from afar by a molten gargoyle

Illustrated notes

Levels and vault maps discovered:
D:1:      ebering_trefoil_3fold, layout_basic
D:2:      layout_basic, basic_altar, chequers_ecumenical_altar_simple_redux,
          minmay_misc_feat_columns, minmay_rat_hole, uniq_natasha
D:3:      layout_rooms, mainiacjoe_overflow_divided_tiny
D:4:      layout_basic, minmay_temple_entry_purple_smoke, serial_rivers,
          chequers_serial_rivers_room_a, chequers_serial_rivers_micro_d,
          chequers_serial_rivers_micro_d, chequers_serial_rivers_micro_c,
          chequers_serial_rivers_micro_d, chequers_serial_rivers_small_3,
          uniq_ijyb, uniq_sigmund
D:5:      layout_loops_ring, nicolae_overflow_hidden_temple
D:6:      layout_rooms, minmay_misc_feat_enclosed, grunt_ministairs_10
D:7:      layout_basic, grunt_dithmenos_smoke, serial_shops, shop, minmay_puff
D:8:      layout_cave_pools
D:9:      layout_rooms, orc_0_dummy, hangedman_incinerator
D:10:     layout_loops_ring, kiku_gazebo_garden_becter
D:11:     layout_roguey, david_lair_generic, serial_shops, shop
Temple:   nicolae_temple_great_sept
Lair:1:   layout_gridlike, uniq_sonja
Lair:2:   layout_cave_pods, beast_lair_carwin_11, serial_bayou_shore_a,
          lemuel_fruit_fields
Lair:3:   nzn_winding_woodlands_large [nzn_winding_woodlands_5x5_perimeter,
          nzn_winding_woodlands_5x15_lazy_stream,
          nzn_winding_woodlands_5x5_default,
          nzn_winding_woodlands_center_diamonds,
          nzn_winding_woodlands_15x15_five_gardens,
          nzn_winding_woodlands_center_lodge, nzn_winding_woodlands_hourglass,
          nzn_winding_woodlands_5x15_pathside_ponds,
          nzn_winding_woodlands_5x5_default], layout_misc_corridors,
          elwin_shoals_entry_rocks, minmay_snake_entry_guardpost_medium,
          special_room [special_room_bee]
Lair:4:   layout_long_grid
Lair:5:   cheibrodos_lair_end_hotspot, layout_loops_ring, slime_entry_1

Skill      XL: |  1  2  3  4  5  6  7  8  9 10 11 12 13 14 |
---------------+-------------------------------------------+-----
Polearms       | 3 4 5 7 8 9 11 12 13 14 | 14.0
Invocations    | 2 5 7 8 |  8.0
Fighting       | 3 5 7 9 11 12 | 12.1
Armour         | 3 5 8 9 10 | 10.7
Dodging        | 4 6 8 10 12 13 | 13.2
Evocations     | 5 7 |  7.6
Shields        | |  3.6
Spellcasting   | |  1.3

Action                     |  1- 3 |  4- 6 |  7- 9 | 10-12 | 13-15 || total
---------------------------+-------+-------+-------+-------+-------++-------
  Melee: Spear             |    89 |   196 |   177 |   121 |       ||   583
         Trident           |       |       |   236 |   498 |   602 ||  1336
 Invoke: Heroism           |       |       |     1 |     4 |     3 ||     8
    Use: Scroll            |     2 |     8 |     7 |     7 |     2 ||    26
         Potion            |       |       |     1 |       |     1 ||     2
 Armour: Leather armour    |    16 |       |       |       |       ||    16
         Ring mail         |    21 |    49 |   101 |    25 |       ||   196
         Skin              |       |       |    14 |       |       ||    14
         Steam dragon scal |       |       |       |    62 |       ||    62
         Troll leather arm |       |       |       |    72 |   154 ||   226
  Dodge: Dodged            |    23 |    39 |    79 |   270 |   382 ||   793
  Block: Buckler           |    16 |    37 |    75 |   111 |   132 ||   371

Table legend: (Time is in decaauts)
 A = Elapsed time spent in this place.
 B = Non-inter-level travel time spent in this place.
 C = Inter-level travel time spent in this place.
 D = Time resting spent in this place.
 E = Time spent auto-exploring this place.
 F = Levels seen in this place.
 G = Mean time per level.
                   A        B        C        D        E       F      G
               +--------+--------+--------+--------+--------+-----+--------+
         Total |   6040 |   5850 |    190 |     23 |   2795 |  17 |  355.3 |
       Dungeon |   4418 |   4282 |    136 |     23 |   2260 |  11 |  401.6 |
        Temple |     87 |     79 |      8 |      0 |     63 |   1 |   87.0 |
          Lair |   1534 |   1488 |     46 |      0 |    472 |   5 |  306.8 |
               +--------+--------+--------+--------+--------+-----+--------+

Top non-repeatable levels by time:
  Lair:5: 853 daAuts
     D:7: 655 daAuts
     D:4: 556 daAuts
     D:5: 523 daAuts
    D:11: 508 daAuts
    D:10: 379 daAuts
     D:3: 353 daAuts
     D:9: 343 daAuts
  Lair:4: 333 daAuts
     D:8: 299 daAuts
     D:6: 284 daAuts
     D:1: 275 daAuts
     D:2: 236 daAuts
  Lair:2: 234 daAuts
  Temple: 87 daAuts
